 Dungeon Crawl Stone Soup version 0.32-a0-675-gdc239d62e1 (webtiles) character file.

Game seed: 16536345505703222162

3163 ragingrage the Basher (level 9, -9/62 HPs)
             Began as a Mountain Dwarf Wanderer on Mar 11, 2024.
             Was an Initiate of Beogh.
             Mangled by an orc knight
             ... wielding a +0 broad axe
              (11 damage)
             ... in a bailey.
             The game lasted 00:15:23 (9165 turns).

ragingrage the Basher (Mountain Dwarf Wanderer)     Turns: 9165, Time: 00:15:23

Health: -9/62      AC: 13    Str: 14    XL:     9   Next: 63%
Magic:  9/11       EV: 10    Int: 20    God:    Beogh [......]
Gold:   172        SH:  0    Dex:  9    Spells: 4/11 levels left

rFire   + . .        a - +1 demon whip (drain)
rCold   + . .        (no shield)
rNeg    . . .        e - +0 ring mail
rPois   +            d - +0 helmet
rElec   +            k - +0 cloak
rCorr   +            m - +0 pair of gloves
SInv    .            v - +0 pair of boots
Will    .....        (no amulet)
Stlth   +            n - ring of flight
HPRegen 0.00/turn    q - +4 ring of protection
MPRegen 0.12/turn

%: no passive effects
@: resistant, spiked, flying, inhibited regen
A: runic magic, artefact enchanting, clever 1, poison resistance, inhibited
regeneration, persistent drain
a: Renounce Religion


You were in a bailey.
You worshipped Beogh.
Beogh was noncommittal.
You visited 1 branch of the dungeon, and saw 7 of its levels.
You also visited: Bailey.

You collected 172 gold pieces.

Inventory:

Hand Weapons
 a - a +1 demon whip of draining (weapon)
 u - a +2 hand axe of flaming
Missiles
 A - 6 boomerangs
Armour
 d - a +0 helmet (worn)
 e - a +0 ring mail (worn)
 f - a +1 robe of willpower
 k - a +0 cloak (worn)
 m - a +0 pair of gloves (worn)
 v - a +0 pair of boots (worn)
Jewellery
 n - a ring of flight (left hand)
 q - a +4 ring of protection (right hand)
 B - an amulet of guardian spirit
Wands
 j - a wand of flame (7)
 w - a wand of iceblast (4)
 y - a wand of paralysis (6)
Scrolls
 c - a scroll of teleportation
 i - 2 scrolls of amnesia {unknown}
 o - a scroll of silence
 p - a scroll of butterflies {unknown}
 s - a scroll of noise {unknown}
 t - a scroll of identify
 x - a scroll of immolation {unknown}
Potions
 g - a potion of resistance
 h - a potion of brilliance
 l - 2 potions of curing
 r - a potion of degeneration {unknown}
 z - 2 potions of heal wounds {unknown}


   Skills:
 * Level 12.8 Maces & Flails
 - Level 2.0 Stealth
 - Level 1.7 Spellcasting
 - Level 2.0 Conjurations
 - Level 6.0 Summonings
 - Level 4.0 Translocations
 - Level 5.0 Fire Magic


You had 4 spell levels left.
You knew the following spells:

 Your Spells              Type           Power      Damage    Failure   Level
a - Foxfire               Conj/Fire      60%        2x1d7     4%          1
b - Call Canine Familiar  Summ           25%        N/A       4%          3
c - Volatile Blastmotes   Fire/Tloc      38%        2d13      9%          3

Your spell library contained the following spells:

 Spells                   Type           Power      Damage    Failure   Level
 Summon Small Mammal      Summ           100%       N/A       1%          1
 Manifold Assault         Tloc           17%        N/A       36%         4
 Fugue of the Fallen      Necr           1%         N/A       50%         3
 Ozocubu's Armour         Ice            1%         N/A       50%         3
 Animate Armour           Summ/Erth      26%        N/A       50%         4


Dungeon Overview and Level Annotations

Branches:
Dungeon (7/15)             Bailey (1/1)
 Temple: D:4-7

Altars:
Xom

Shops:
D:6 *

Annotations:
D:3 1 runed translucent door, Crazy Yiuf
D:5 Edmund


Innate Abilities, Weirdness & Mutations

Your spellcasting is much less encumbered by armour.
You can use scrolls of enchantment on lesser artefacts.
Your mind is acute. (Int +4, Str/Dex -1)
Your system is resistant to poisons. (rPois)
You do not regenerate when monsters are visible.
Your health recovers twice as slowly from being drained.


Message History

Unknown command.
The sun demon disappears in a puff of smoke!
The neqoxec gestures at you. Something gnaws on your mind!
You feel your power leaking away.
The orc high priest hits you but does no damage.
You barely miss the orc high priest.
The orc high priest hits you with a +0 war axe.
You hit the orc high priest. You drain the orc high priest.
You hit the orc high priest. You drain the orc high priest.
The orc high priest hits you but does no damage.
The sun demon hits you.
You are engulfed in flames!
You resist.
You barely miss the orc high priest.
The red devil hits you from afar with a +0 trident.
Barbed spikes become lodged in your body.
You whack the orc high priest! You drain the orc high priest.
The sun demon closely misses you.
The orc high priest hits you but does no damage.
You hit the orc high priest. You drain the orc high priest.
The neqoxec hits you but does no damage.
The red devil hits you from afar with a +0 trident.
More barbed spikes become lodged in your body.
The sun demon hits you!
You are engulfed in flames.
You resist.
You closely miss the orc high priest.
The orc high priest hits you but does no damage.
The orc knight roars a battlecry!
The orc high priest goes into a battle-frenzy!
You hit the orc high priest. The sun demon hits you!
* * * LOW HITPOINT WARNING * * *
You are engulfed in flames!
You resist.
* * * LOW HITPOINT WARNING * * *
The red devil hits you but does no damage.
The neqoxec hits you but does no damage.
As you read the scroll labelled ABEW KAQ ROECS, it crumbles to dust.
It is a scroll of identify.
c - a scroll of teleportation The orc high priest barely misses you.
The orc knight hits you with a +0 broad axe!
You die...
Beogh appreciates the orc knight's killing of a heretic priest.

≈≈≈≈#....#.ß.ß.ß.'.)...#....#≈≈≈≈
≈≈≈≈######...##############.#≈≈≈≈
≈≈≈≈~.#......#....'[ #.'÷(#.)≈≈≈≈
≈≈≈≈~.#......#....#[ #÷(#.~≈≈≈≈
≈≈≈≈o.#''#####..).# #.g#.~≈≈≈≈
≈≈≈≈~.#.....##....#########.~≈≈≈≈
......'.....##...4#..ß.ß..#.~≈≈≈≈
......'..⌠..##.3o3'....)...∩)≈≈≈≈
......'..o..##..@.#..ß.ß..#.~≈≈≈≈
≈≈≈≈).#.....##..o.#########.~≈≈≈≈
≈≈≈≈).#''#####....#g.'.#.g#.~≈≈≈≈
≈≈≈≈~.#......#....#?!#g#))#.~≈≈≈≈
≈≈≈≈~.#...)..#....'!?#.'))#.~≈≈≈≈
≈≈≈≈######...##############.#≈≈≈≈
≈≈≈≈#....#.ß.ß.ß.'.....#..).#≈≈≈≈
≈≈≈≈#....#...))..#.....'....#≈≈≈≈
≈≈≈≈#'#..###############..#'#≈≈≈≈


You could see an orc knight, an orc high priest (strong, drained), a sun demon
(summoned), a neqoxec (summoned), a red devil (summoned) and a goblin.

Vanquished Creatures
  2 orc knights (Bailey)
  Sigmund (D:3)
  2 water moccasins
  An ice beast (D:7)
  9 orc warriors (Bailey)
  A phantom (D:7)
  3 scorpions
  5 electric eels (Bailey)
  A bombardier beetle (D:3)
  A hound (D:3)
  2 jellies
  A sleepcap (D:7)
  2 orc wizards (D:7)
  An iguana (D:4)
  Ijyb (D:3)
  Robin (D:3)
  5 adders
  5 gnolls (Bailey)
  A white imp (D:7)
  2 dart slugs
  4 ribbon worms
  10 orcs
  10 endoplasms
  A giant cockroach (D:1)
  27 goblins
  13 hobgoblins
  5 jackals
  2 quokkas
  6 ball pythons
  8 bats
  A frilled lizard (D:1)
  6 kobolds
  4 rats
144 creatures vanquished.

Vanquished Creatures (collateral kills)
  A foxfire (Bailey)
1 creature vanquished.

Vanquished Creatures (others)
  A hound (D:7)
  An orc priest (D:7)
  An orc wizard (D:7)
  572 foxfires
575 creatures vanquished.

Grand Total: 720 creatures vanquished

Notes
Turn   | Place    | Note
-------+----------+-------------------------------------------
     0 | D:1      | ragingrage the Mountain Dwarf Wanderer began the quest for
                  | the Orb.
     0 | D:1      | ragingrage set off with the following items: a +0 club, a
                  | scroll of silence, a +0 robe, a +0 helmet; and the
                  | following spells available to memorise: Summon Small
                  | Mammal, Foxfire, Call Canine Familiar, Volatile Blastmotes,
                  | Animate Armour.
     0 | D:1      | Reached XP level 1. HP: 14/14 MP: 3/3
     2 | D:1      | Learned a level 1 spell: Foxfire
   521 | D:1      | Reached XP level 2. HP: 20/20 MP: 4/4
   802 | D:1      | Reached skill level 1 in Conjurations
  1262 | D:1      | Reached XP level 3. HP: 22/26 MP: 5/5
  1616 | D:2      | Learned a level 3 spell: Call Canine Familiar
  2237 | D:3      | Reached XP level 4. HP: 28/33 MP: 0/6
  2307 | D:3      | Found a faded altar of an unknown god.
  2351 | D:3      | Found a runed translucent door.
  2352 | D:3      | Noticed Crazy Yiuf
  2395 | D:3      | Noticed Sigmund
  2520 | D:3      | Reached skill level 1 in Maces & Flails
  2986 | D:3      | Noticed Ijyb
  3027 | D:3      | Noticed a scorpion
  3038 | D:3      | Killed a scorpion
  3039 | D:3      | Reached skill level 3 in Maces & Flails
  3039 | D:3      | Reached skill level 5 in Summonings
  3039 | D:3      | Reached XP level 5. HP: 15/38 MP: 2/7
  3258 | D:3      | Killed Ijyb
  3259 | D:3      | Reached skill level 4 in Maces & Flails
  3394 | D:3      | Noticed Robin
  3514 | D:3      | Killed Robin
  3515 | D:3      | Reached XP level 6. HP: 43/45 MP: 8/8
  3895 | D:3      | Gained mutation: Your mind is acute. (Int +4, Str/Dex -1)
                  | [potion of mutation]
  3895 | D:3      | Gained mutation: Your health recovers twice as slowly from
                  | being drained. [potion of mutation]
  3895 | D:3      | Gained mutation: You do not regenerate when monsters are
                  | visible. [potion of mutation]
  3895 | D:3      | Gained mutation: Your system is resistant to poisons.
                  | (rPois) [potion of mutation]
  3927 | D:3      | Killed Sigmund
  3928 | D:3      | Reached skill level 5 in Maces & Flails
  4122 | D:4      | Found a shimmering altar of Xom.
  4302 | D:4      | Reached XP level 7. HP: 50/50 MP: 6/9
  5072 | D:4      | Reached skill level 6 in Maces & Flails
  5221 | D:5      | Entered Level 5 of the Dungeon
  5318 | D:5      | Reached skill level 7 in Maces & Flails
  5361 | D:5      | Noticed Edmund
  5642 | D:7      | Became a worshipper of Beogh the Shepherd
  5689 | D:7      | Reached skill level 8 in Maces & Flails
  5713 | D:7      | Reached XP level 8. HP: 31/57 MP: 6/10
  5763 | D:7      | Learned a level 3 spell: Volatile Blastmotes
  5792 | D:7      | Found a flagged portal.
  5806 | D:7      | Reached skill level 9 in Maces & Flails
  5859 | D:6      | Found Goleolee's Neck Hole.
  5875 | Bailey   | Entered a bailey
  5898 | Bailey   | Reached skill level 1 in Translocations
  6262 | Bailey   | Noticed an orc knight
  6623 | Bailey   | Noticed an orc knight
  6730 | Bailey   | Reached skill level 10 in Maces & Flails
  7412 | Bailey   | Noticed an orc knight
  7845 | Bailey   | Killed an orc knight
  7846 | Bailey   | Reached skill level 11 in Maces & Flails
  7846 | Bailey   | Reached skill level 5 in Fire Magic
  7846 | Bailey   | Reached XP level 9. HP: 29/62 MP: 2/11
  8151 | Bailey   | Acquired a +1 demon whip of draining
  8899 | Bailey   | Killed an orc knight
  8900 | Bailey   | Reached skill level 12 in Maces & Flails
  9139 | Bailey   | Found an iron altar of Okawaru.
  9147 | Bailey   | Noticed an orc high priest
  9149 | Bailey   | Noticed a sun demon
  9155 | Bailey   | Noticed a red devil
  9155 | Bailey   | Noticed a sun demon
  9164 | Bailey   | HP: 2/62 [sun demon[an orc high priest] (9)]
  9165 | Bailey   | Mangled by an orc knight

Illustrated notes

Levels and vault maps discovered:
D:1:      doesnt_arrival_eight_statues, layout_basic
D:2:      layout_basic, minivault_25
D:3:      minmay_recursive_quarters, layout_basic,
          hellmonk_ecumenical_altar_heavens_door, minivault_14,
          grunt_ministairs_15, minivault_11, uniq_robin, uniq_sigmund,
          uniq_crazy_yiuf_cottage, uniq_ijyb
D:4:      layout_loops_cross, mainiacjoe_overflow_surrounded_room
D:5:      minmay_inner_zag, layout_basic, uniq_eustachio, uniq_edmund
D:6:      layout_basic, minmay_temple_entry_poolview,
          nicolae_shop_sticking_my_neck_out, uniq_menkaure
D:7:      layout_loops_ring, led_sif_pool, enter_bailey_5
Bailey:   bailey_axe_of_yendor_kennysheep, bailey

Skill      XL: |  1  2  3  4  5  6  7  8  9 |
---------------+----------------------------+-----
Fire Magic     | 4 5 |  5.0
Conjurations   | 1 2 |  2.0
Stealth        | 2 |  2.0
Maces & Flails | 3 4 5 8 11 12 | 12.8
Summonings     | 5 6 |  6.0
Translocations | 3 4 |  4.0
Spellcasting   | |  1.7

Action                     |  1- 3 |  4- 6 |  7- 9 || total
---------------------------+-------+-------+-------++-------
  Melee: Unarmed           |     4 |       |       ||     4
         Dagger            |    55 |    68 |    26 ||   149
         Club              |     2 |       |       ||     2
         Mace              |       |       |   137 ||   137
         Hand axe          |       |       |     4 ||     4
         Demon whip        |       |       |    41 ||    41
   Cast: Foxfire           |    55 |    76 |   197 ||   328
 Invoke: Convert to Beogh  |       |       |     1 ||     1
  Evoke: Wand              |       |       |     2 ||     2
    Use: Potion            |     2 |     5 |     1 ||     8
         Scroll            |       |       |     2 ||     2
 Armour: Ring mail         |    44 |    46 |   168 ||   258
         Skin              |     7 |       |       ||     7
  Dodge: Dodged            |    37 |    22 |    54 ||   113

Table legend: (Time is in decaauts)
 A = Elapsed time spent in this place.
 B = Non-inter-level travel time spent in this place.
 C = Inter-level travel time spent in this place.
 D = Time resting spent in this place.
 E = Time spent auto-exploring this place.
 F = Levels seen in this place.
 G = Mean time per level.
                   A        B        C        D        E       F      G
               +--------+--------+--------+--------+--------+-----+--------+
         Total |   9117 |   8983 |    134 |   3013 |   4123 |   8 | 1139.6 |
       Dungeon |   5855 |   5721 |    134 |    753 |   3858 |   7 |  836.4 |
        Bailey |   3261 |   3261 |      0 |   2260 |    265 |   1 | 3261.0 |
               +--------+--------+--------+--------+--------+-----+--------+

Top non-repeatable levels by time:
  Bailey: 3261 daAuts
     D:3: 1797 daAuts
     D:1: 1444 daAuts
     D:4: 1142 daAuts
     D:2: 816 daAuts
     D:7: 323 daAuts
     D:6: 178 daAuts
     D:5: 152 daAuts
